AoeStats
← grandmaesterwookiee

Scandinavia

510445991Analyzed
1v1 RM · 2d ago on Oct 1, 2026· 60m 2s· 2 players
Game mode
Random Map
Map size
Tiny (2 player)
Population
200
Speed
Normal
Resources
Standard
Victory
Conquest
Starting age
Dark Age
Ending age
Imperial Age
RankedLock teamsTeams togetherTeam positionsShared explorationLock speedFull tech treeHidden civsTurbo modeCheats
Victory
Defeat
🇨🇳 Khitans · China
1216
+14
🇺🇸 Vikings · United States
1169
-14
Makabaka
7:34 Loom
10:21 Feudal Age
16:03 Castle Age
15:25 Double-Bit Axe
16:14 Domestication
17:00 Bow Saw
19:06 Pastoralism
20:31 Forging
21:48 Husbandry
23:29 Iron Casting
23:32 Gold Mining
24:32 Scale Barding Armor
26:42 Chain Barding Armor
28:27 Wheelbarrow
34:08 Fletching
34:19 Padded Archer Armor
37:28 Imperial Age
35:14 Hand Cart
36:13 Ballistics
36:10 Elite Skirmisher
36:51 Bodkin Arrow
37:12 Leather Archer Armor
37:02 Town Watch
36:43 Light Cavalry
37:54 Thumb Ring
38:14 Bracer
38:50 Plate Barding Armor
38:41 Town Patrol
39:06 Conscription
39:26 Stone Mining
39:14 Hussar
40:44 Lamellar Armor
41:36 Ring Archer Armor
42:09 Two-Man Saw
41:44 Transhumance
42:09 Ordo Cavalry
44:50 Chemistry
48:03 Siege Engineers
51:05 Masonry
51:07 Fortified Wall
51:17 Elite Liao Dao
52:02 Scale Mail Armor
52:58 Chain Mail Armor
52:46 Arson
53:02 Squires
52:50 Gambesons
55:09 Plate Mail Armor
56:00 Elite Steppe Lancer
grandmaesterwookiee
8:00 Loom
11:25 Feudal Age
12:34 Double-Bit Axe
19:31 Castle Age
18:19 Gold Mining
18:46 Fletching
20:24 Crossbowman
21:11 Padded Archer Armor
23:32 Bow Saw
25:31 Ballistics
26:27 Bodkin Arrow
27:38 Horse Collar
29:13 Pikeman
33:29 Heavy Plow
34:50 Scale Mail Armor
34:51 Padded Archer Armor
38:00 Imperial Age
36:12 Squires
37:30 Chain Mail Armor
37:25 Forging
38:41 Bracer
39:48 Chemistry
39:05 Arbalester
43:00 Elite Skirmisher
44:31 Plate Mail Armor
44:37 Iron Casting
47:49 Conscription
48:32 Light Cavalry
49:44 Leather Archer Armor
49:04 Elite Varangian Guard
50:33 Arson
53:11 Blast Furnace
57:38 Town Watch
57:45 Man-at-Arms
58:33 Stone Mining
Connection lost

Rejoining the realm…

Still unreachable

The connection could not be restored.

Session expired

The server has moved on; the page needs a fresh start.